 Dungeon Crawl Stone Soup version 0.28.0-43-g3370ac3207 (webtiles) character file.

Game seed: 16768542326125552918

1197 pkoi the Martial Artist (level 8, -10/67 HPs)
             Began as a Demigod Gladiator on Mar 25, 2022.
             Mangled by an orc warrior
             ... wielding a +0 morningstar
              (16 damage)
             ... on level 6 of the Dungeon.
             The game lasted 00:07:21 (7300 turns).

pkoi the Martial Artist (Demigod Gladiator)         Turns: 7300, Time: 00:07:21

Health: -10/67     AC:  9    Str: 27    XL:     8   Next: 0%
Magic:  10/10      EV: 12    Int: 10    God:
Gold:   207        SH:  0    Dex: 19    Spells: 7/7 levels left

rFire   + + .      SeeInvis .   k - +8 whip "Killer Klown's Peril" {vorpal, rN+ Will+ Str+8}
rCold   . . .      Faith    .   (no shield)
rNeg    + + +      Spirit   .   j - +2 ring mail of Ced Noac {rF+ rN++}
rPois   .          Reflect  .   b - +1 helmet
rElec   .          Harm     .   (no cloak)
rCorr   .          Rampage  .   (no gloves)
Will    +....                   (no boots)
Stlth   +.........              (no amulet)
HPRegen 0.21/turn               g - ring of positive energy
MPRegen 0.12/turn               d - ring of protection from fire

@: no status effects
A: high MP 1, forlorn, divine attributes
a: no special abilities


You were on level 6 of the Dungeon.
You visited 1 branch of the dungeon, and saw 6 of its levels.

You collected 262 gold pieces.
You spent 55 gold pieces at shops.

Inventory:

Hand Weapons
 i - a +1 dagger of flaming
 k - the +8 whip "Killer Klown's Peril" (weapon) {vorpal, rN+ Will+ Str+8}
   (You found it on level 3 of the Dungeon)

   It inflicts extra damage upon your enemies.
   Str:       It affects your strength (+8).
   rN:        It protects you from negative energy.
   Will:      It increases your willpower.
Missiles
 c - 3 throwing nets (quivered)
Armour
 a - a +0 leather armour
 b - a +1 helmet (worn)
 j - the +2 ring mail of Ced Noac (worn) {rF+ rN++}
   (You found it on level 3 of the Dungeon)

   rF:        It protects you from fire.
   rN:        It greatly protects you from negative energy.
Jewellery
 d - a ring of protection from fire (right hand)
 g - a ring of positive energy (left hand)
 h - a ring of fire
 l - a +4 ring of evasion
Wands
 e - a wand of charming (5)
 r - a wand of digging (7)
 x - a wand of mindburst (9)
Scrolls
 p - a scroll of fog
 q - a scroll of enchant armour
 t - a scroll of magic mapping
 u - a scroll of torment {unknown}
 v - a scroll of teleportation
Potions
 f - 6 potions of heal wounds
 m - a potion of mutation
 n - a potion of curing
 o - a potion of lignification
 s - a potion of flight


   Skills:
 + Level 4.8 Fighting
 - Level 1.7 Throwing
 - Level 2.6 Dodging
 * Level 8.2 Unarmed Combat


You had 7 spell levels left.
You didn't know any spells.
Your spell library contained the following spells:

 Spells                   Type           Power      Damage    Failure   Level
 Animate Skeleton         Necr           0%         N/A       50%         1
 Apportation              Tloc           0%         N/A       50%         1
 Pain                     Necr           0%         1d4       50%         1
 Sandblast                Erth           0%         2d4       50%         1
 Summon Small Mammal      Summ           0%         N/A       50%         1
 Passwall                 Tmut/Erth      0%         N/A       65%         2
 Stone Arrow              Conj/Erth      0%         3d7       86%         3
 Vampiric Draining        Necr           0%         2d6       86%         3


Dungeon Overview and Level Annotations

Branches:
Dungeon (6/15)
 Temple: D:4-7

Shops:
D:2 *


Innate Abilities, Weirdness & Mutations

You have an increased reservoir of magic. (+10% MP)
You shall have no god before yourself.
Your divine heritage dramatically boosts your attributes as you level up.


Message History

You barely miss the orc warrior.
The orc warrior is moderately wounded.
The orc warrior hits you with a +0 morningstar!
* * * LOW HITPOINT WARNING * * *
You hit the orc warrior.
The orc warrior is heavily wounded.
The orc warrior hits you with a +0 morningstar.
* * * LOW HITPOINT WARNING * * *
Unknown command.
Okay, then.
Aiming: Charm
Press: ? - help, Shift-Dir - straight line, f - orc warrior
Aim: an orc warrior, wielding a +0 morningstar and wearing a +0 chain mail (heavily wounded, chance to affect: 49%)
The orc warrior resists with some effort.
The orc warrior completely misses you.
Unknown command.
Aiming: Charm
Press: ? - help, Shift-Dir - straight line, f/p - orc warrior
Aim: an orc warrior, wielding a +0 morningstar and wearing a +0 chain mail (heavily wounded, chance to affect: 49%)
The orc warrior resists with some effort.
The orc warrior hits you with a +0 morningstar.
* * * LOW HITPOINT WARNING * * *
Aiming: Charm
Press: ? - help, Shift-Dir - straight line, f/p - orc warrior
Aim: an orc warrior, wielding a +0 morningstar and wearing a +0 chain mail (heavily wounded, chance to affect: 49%)
The orc warrior resists with some effort.
The orc warrior closely misses you.
Unknown command.
Aiming: Charm
Press: ? - help, Shift-Dir - straight line, f/p - orc warrior
Aim: an orc warrior, wielding a +0 morningstar and wearing a +0 chain mail (heavily wounded, chance to affect: 49%)
The orc warrior resists with some effort.
The orc warrior hits you with a +0 morningstar.
* * * LOW HITPOINT WARNING * * *
Aiming: Charm
Press: ? - help, Shift-Dir - straight line, f/p - orc warrior
Aim: an orc warrior, wielding a +0 morningstar and wearing a +0 chain mail (heavily wounded, chance to affect: 49%)
The orc warrior resists with some effort.
The orc warrior hits you with a +0 morningstar!
You die...

...# ##.## #..#
#.# # #..#
#.#######
#.##..####........
#....))....#######
####.)####.#
###..# #.# #....#
#.# #@#..# #.# #
#o##.# #.# #.
##o##.####.# #..
#.......# .#
.#...####
#.####.P.P
.(......###)# ..PP
o...........# PP_.
.....o......#
.....######.#


You could see an orc warrior and an orc.

Vanquished Creatures
  An ice beast (D:5)
  A sky beast (D:6)
  A necrophage (D:5)
  2 scorpions
  A jelly (D:5)
  5 wights
  6 hounds
  An iguana (D:5)
  Ijyb (D:4)
  3 orc wizards (D:6)
  A killer bee zombie (D:6)
  2 hound skeletons (D:4)
  3 gnolls
  7 adders
  A white imp (D:5)
  An adder zombie (D:5)
  An adder skeleton (D:5)
  2 worms
  2 dart slugs
  9 orcs
  5 bats
  A bat zombie (D:4)
  3 endoplasms
  A giant cockroach (D:2)
  4 goblins
  9 hobgoblins
  5 jackals
  14 kobolds
  4 quokkas
  9 ball pythons
  4 frilled lizards
  7 rats
  2 rat zombies (D:4)
119 creatures vanquished.

Notes
Turn   | Place    | Note
-------+----------+-------------------------------------------
     0 | D:1      | pkoi the Demigod Gladiator began the quest for the Orb.
     0 | D:1      | Reached XP level 1. HP: 17/17 MP: 3/3
   241 | D:1      | Reached skill level 3 in Unarmed Combat
   418 | D:1      | Reached XP level 2. HP: 20/24 MP: 4/4
  1490 | D:2      | Found Beshrul's General Store.
  1496 | D:2      | Reached XP level 3. HP: 13/29 MP: 5/5
  1676 | D:2      | Bought a potion of heal wounds for 55 gold pieces
  1764 | D:2      | Reached skill level 4 in Unarmed Combat
  2743 | D:2      | Reached XP level 4. HP: 22/36 MP: 6/6
  3377 | D:3      | Identified the +2 ring mail of Ced Noac {rF+ rN++}
  3598 | D:3      | Identified the +8 whip "Killer Klown's Peril" {vorpal, rN+
                  | Will+ Str+8}
  3761 | D:3      | Reached skill level 5 in Unarmed Combat
  3949 | D:4      | Reached XP level 5. HP: 34/41 MP: 7/7
  4353 | D:4      | Noticed Ijyb
  4359 | D:4      | Killed Ijyb
  4446 | D:4      | Reached skill level 6 in Unarmed Combat
  4446 | D:4      | Reached XP level 6. HP: 47/51 MP: 8/8
  5106 | D:5      | Entered Level 5 of the Dungeon
  5281 | D:5      | Reached XP level 7. HP: 10/58 MP: 9/9
  5593 | D:5      | Reached skill level 7 in Unarmed Combat
  7236 | D:6      | Reached skill level 8 in Unarmed Combat
  7283 | D:6      | Reached XP level 8. HP: 63/67 MP: 10/10
  7300 | D:6      | Mangled by an orc warrior

Illustrated notes

Levels and vault maps discovered:
D:1:      dpeg_arrival_oval, layout_basic, hangedman_decor_growths,
          nrook_mini_backslash, corner_web_ring, kennysheep_small_spiral
D:2:      layout_basic, serial_shops, nicolae_shop_crystal
D:3:      layout_rooms, nzn_wu_jian_council_hall, shapermc_ecumenical_altar_venn
D:4:      layout_basic, lemuel_round_altar, lemuel_zombie_altar_kikubaaqudgha,
          kennysheep_path_1, minmay_ruined_shrine, uniq_ijyb
D:5:      layout_basic, kennysheep_mini, amcnicky_altar_gilded,
          kennysheep_nondescript
D:6:      layout_loops_ring, fedhas_altar_3, serial_shops, shop_statue,
          kennysheep_generic_room_6, uniq_edmund

Skill      XL: |  1  2  3  4  5  6  7 |
---------------+----------------------+-----
Unarmed Combat | 3 4 5 6 8 |  8.2
Fighting       | 2 3 4 |  4.8
Throwing       | |  1.7
Dodging        | |  2.6

Action                   |  1- 3 |  4- 6 |  7- 9 || total
-------------------------+-------+-------+-------++-------
Melee: Unarmed           |   156 |    50 |       ||   206
       Punch             |     3 |     5 |     4 ||    12
       Whip              |       |    86 |    99 ||   185
Evoke: Wand              |       |       |     5 ||     5
  Use: Scroll            |       |     9 |     5 ||    14
 Stab: Sleeping          |     1 |     1 |       ||     2
Armor: Leather armour    |    42 |    11 |       ||    53
       Ring mail         |       |    38 |    31 ||    69
Dodge: Dodged            |   106 |    75 |    66 ||   247
